 Dungeon Crawl Stone Soup version 0.29-a0-25-g7f48f510a0 (webtiles) character file.

Game seed: 13203330530823252045

39 Nattfarinn the Grave Robber (level 3, -2/19 HPs)
             Began as a Deep Elf Necromancer on Jan 31, 2022.
             Slain by Robin (6 damage)
             ... on level 2 of the Dungeon.
             The game lasted 00:01:47 (1479 turns).

Nattfarinn the Grave Robber (Deep Elf Necromancer)  Turns: 1479, Time: 00:01:47

Health: -2/19      AC:  2    Str:  7    XL:     3   Next: 26%
Magic:  3/10       EV: 12    Int: 19    God:
Gold:   62         SH:  0    Dex: 15    Spells: 7/9 levels left

rFire   . . .      SeeInvis .   e - +1 dagger (freeze)
rCold   . . .      Faith    .   (no shield)
rNeg    . . .      Spirit   .   a - +0 robe
rPois   .          Reflect  .   (no helmet)
rElec   .          Harm     .   (no cloak)
rCorr   .          Rampage  .   (no gloves)
Will    .....                   (no boots)
Stlth   ++........              (no amulet)
HPRegen 0.06/turn               (no ring)
MPRegen 0.12/turn               (no ring)

@: about to teleport
A: no striking features
a: no special abilities


You were on level 2 of the Dungeon.
You visited 1 branch of the dungeon, and saw 2 of its levels.

You collected 62 gold pieces.

Inventory:

Hand Weapons
 e - a +1 dagger of freezing (weapon)
Armour
 a - a +0 robe (worn)
Jewellery
 g - a ring of wizardry
Scrolls
 b - 2 scrolls of teleportation
 c - 2 scrolls of immolation
 h - a scroll of identify {unknown}
 j - a scroll of summoning {unknown}
Potions
 d - 2 potions of heal wounds {unknown}
 i - a potion of curing {unknown}
 k - 2 potions of flight {unknown}


   Skills:
 - Level 2.4 Dodging
 - Level 2.4 Stealth
 + Level 3.8 Spellcasting
 * Level 5.8 Necromancy


You had 7 spell levels left.
You knew the following spells:

 Your Spells              Type           Power      Damage    Failure   Level
a - Pain                  Necr           100%       1d9       1%          1
b - Animate Skeleton      Necr           50%        N/A       1%          1

Your spell library contained the following spells:

 Spells                   Type           Power      Damage    Failure   Level
 Vampiric Draining        Necr           25%        2d7       3%          3
 Animate Dead             Necr           12%        N/A       13%         4
 Agony                    Necr           25%        N/A       34%         5


Dungeon Overview and Level Annotations

Branches:
Dungeon (2/15)

Altars:

Annotations:
D:2 Robin


Message History

Confirm with . or Enter, or press ? or * to list all spells.
You can't see any susceptible monsters within range! (Use Z to cast anyway.) Memorise Animate Skeleton, consuming 1 spell level and leaving 7?
You start memorising the spell.
You continue memorising.
HP restored.
You finish memorising.
Spell assigned to 'b'.
The goblin writhes in agony.
You kill the goblin!
The goblin writhes in agony.
You kill the goblin!
You start resting.
Robin is nearby!
Robin writhes in agony.
Robin writhes in agony.
A goblin comes into view. It is wielding a +0 club.
Robin writhes in agony.
Robin hits you with a +0 mace.
Robin writhes in agony.
Robin throws the goblin at you!
Robin writhes in agony.
A hobgoblin comes into view.
The goblin hits you with a +0 club.
* * * LOW HITPOINT WARNING * * *
Robin roars a battlecry!
The goblins go into a battle-frenzy!
The hobgoblin shouts!
You hear a shout! x2
Robin throws the goblin at you!
* * * LOW HITPOINT WARNING * * *
As you read the scroll labelled FUVADO QUHES, it crumbles to dust.
The creatures around you are filled with an inner flame!
It was a scroll of immolation.
As you read the scroll labelled TUG NUOCLIOXKU, it crumbles to dust.
You feel strangely unstable.
It was a scroll of teleportation.
The goblin barely misses you.
Robin roars a battlecry!
You hear a shout!
Unknown command.
As you read the scroll labelled PINIFI MYUGHIFF, it crumbles to dust.
The scroll dissolves into smoke.
It was a scroll of fog.
The goblin barely misses you. Robin hits you with a +0 mace.
You die...

########## gggg..)..# #g#
#.# #.# ######'######
#.....gg@g..#
#......§§##.#
#.....§§.##.#
#........##.############
........................#
..########.#.##########.#
#. #.#.# #.# #.#.#
####.## #.#.# #.....#


You could see Robin (inner flame), a hobgoblin (strong) and a goblin (inner
flame, strong).

Vanquished Creatures
  An adder (D:2)
  2 bats (D:1)
  3 endoplasms
  5 goblins
  4 hobgoblins
  3 kobolds
  2 quokkas (D:1)
  3 ball pythons
  3 frilled lizards
26 creatures vanquished.

Notes
Turn   | Place    | Note
-------+----------+-------------------------------------------
     0 | D:1      | Nattfarinn the Deep Elf Necromancer began the quest for the
                  | Orb.
     0 | D:1      | Reached XP level 1. HP: 10/10 MP: 6/6
   260 | D:1      | Reached skill level 5 in Necromancy
   371 | D:1      | Reached XP level 2. HP: 13/15 MP: 6/8
  1070 | D:2      | Reached XP level 3. HP: 17/19 MP: 7/10
  1302 | D:2      | Found a faded altar of an unknown god.
  1460 | D:2      | Noticed Robin
  1467 | D:2      | Learned a level 1 spell: Animate Skeleton
  1479 | D:2      | Slain by Robin

Illustrated notes

Levels and vault maps discovered:
D:1:      doesnt_arrival_eight_statues, layout_loops_ring
D:2:      minmay_inner_zag, layout_basic, hellmonk_ecumenical_altar_lost_god,
          wander_ebering_terrifying_dragon_lair, uniq_robin, uniq_terence

Skill      XL: |  1 |
---------------+----+-----
Necromancy     | 5 |  5.8
Dodging        | |  2.4
Stealth        | |  2.4
Spellcasting   | |  3.8

Action                   || total
-------------------------++-------
 Cast: Pain              ||    45
  Use: Scroll            ||     3
Armor: Robe              ||     1
Dodge: Dodged            ||     5

Table legend: (Time is in decaauts)
 A = Elapsed time spent in this place.
 B = Non-inter-level travel time spent in this place.
 C = Inter-level travel time spent in this place.
 D = Time resting spent in this place.
 E = Time spent auto-exploring this place.
 F = Levels seen in this place.
 G = Mean time per level.
                   A        B        C        D        E       F      G
               +--------+--------+--------+--------+--------+-----+--------+
         Total |   1478 |   1466 |     12 |      2 |   1329 |   2 |  739.0 |
       Dungeon |   1478 |   1466 |     12 |      2 |   1329 |   2 |  739.0 |
               +--------+--------+--------+--------+--------+-----+--------+

Top non-repeatable levels by time:
     D:1: 1049 daAuts
     D:2: 428 daAuts
